 Dungeon Crawl Stone Soup version 0.29.0-11-gd7f09526c8 (webtiles) character file.

Game seed: 8804454715375238056

1184 DoubleLucky the Ruffian (level 8, 0/80 HPs)
             Began as a Troll Fighter on Sept 4, 2022.
             Slain by a black bear (10 damage)
             ... on level 7 of the Dungeon.
             The game lasted 00:14:49 (3907 turns).

DoubleLucky the Ruffian (Troll Fighter)             Turns: 3907, Time: 00:14:50

Health: 0/80       AC: -7    Str: 25    XL:     8   Next: 19%
Magic:  7/7        EV: 10    Int:  6    God:
Gold:   98         SH:  0    Dex:  9    Spells: 7/7 levels left

rFire   . . .      SeeInvis .     - Unarmed
rCold   . . .      Faith    .   (no shield)
rNeg    . . .      Spirit   .   a - +0 robe
rPois   .          Reflect  .   (helmet restricted)
rElec   .          Harm     .   e - +0 cloak
rCorr   .          Rampage  .   (gloves unavailable)
Will    .....                   (boots unavailable)
Stlth   +.........              (no amulet)
HPRegen 1.03/turn               (no ring)
MPRegen 0.10/turn               (no ring)

@: corroded
A: large, unfitting armour, claws 3, regeneration 1, shaggy fur 1, tough skin 1
a: no special abilities


You were on level 7 of the Dungeon.
You visited 2 branches of the dungeon, and saw 8 of its levels.

You collected 325 gold pieces.
You spent 227 gold pieces at shops.

Inventory:

Hand Weapons
 p - a +0 dagger of draining
 t - the +5 hand axe "Jex Ungi" {pain, Will+}
   (You found it on level 3 of the Dungeon)

   In the hands of one skilled in necromantic magic, it inflicts extra damage on
   living creatures.
   Will:      It increases your willpower.
Missiles
 g - 40 stones (quivered)
 m - 2 poisoned darts
Armour
 a - a +0 robe (worn)
 b - a +0 kite shield
 e - a +0 cloak (worn)
Jewellery
 k - a ring of flight
 r - a ring of resist corrosion
Scrolls
 d - 3 scrolls of fear
 f - a scroll of enchant armour
 h - 3 scrolls of magic mapping
 i - 2 scrolls of enchant weapon
 j - 3 scrolls of teleportation
 l - a scroll of fog
 n - a scroll of brand weapon
 w - a scroll of vulnerability {unknown}
 x - a scroll of amnesia {unknown}
 y - a scroll of torment
Potions
 c - 4 potions of might
 o - 3 potions of haste
 q - a potion of curing
 s - a potion of heal wounds
 u - a potion of cancellation
 v - a potion of lignification
 z - a potion of flight {unknown}


   Skills:
 - Level 5.0 Fighting
 + Level 5.3 Throwing
 - Level 2.4 Dodging
 - Level 2.6 Shields
 - Level 6.0 Unarmed Combat


You had 7 spell levels left.
You didn't know any spells.
Your spell library was empty.

Dungeon Overview and Level Annotations

Branches:
Dungeon (7/15)             Temple (1/1) D:7

Altars:
Cheibriados
Dithmenos
Elyvilon
Fedhas
Gozag
Hepliaklqana
Kikubaaqudgha
Makhleb
Okawaru
Ru
Sif Muna
Trog
Vehumet
Xom
Yredelemnul
Zin

Shops:
D:5 ?


Innate Abilities, Weirdness & Mutations

You are too large for most types of armour.
You have claws for hands.
Your natural rate of healing is unusually fast.
You are covered in fur. (AC +1)
You have tough skin. (AC +1)


Message History

The jelly hits you.
You are splashed with acid.
You scratch the jelly. The acid corrodes you!
Your claws burn!
The jelly is almost dead.
The jelly hits you.
You are splashed with acid.
You scratch the jelly.
You kill the jelly!
You closely miss the black bear. The black bear bites you.
The black bear claws you. x2
You claw the black bear!
The black bear is heavily wounded.
The black bear bites you. The black bear claws you. x2
You claw the black bear!
The black bear is severely wounded.
You scratch the black bear.
The black bear is almost dead.
The black bear misses you. The black bear claws you. x2
You barely miss the black bear.
The black bear is almost dead.
The black bear barely misses you. The black bear claws you. x2
You barely miss the black bear.
The black bear is almost dead.
The black bear bites you.
* * * LOW HITPOINT WARNING * * *
The black bear claws you.
* * * LOW HITPOINT WARNING * * *
The black bear claws you.
* * * LOW HITPOINT WARNING * * *
You closely miss the black bear.
The black bear is almost dead.
The black bear completely misses you. The black bear claws you.
* * * LOW HITPOINT WARNING * * *
The black bear claws you.
* * * LOW HITPOINT WARNING * * *
You closely miss the black bear. Your claw misses the black bear.
The black bear is almost dead.
The black bear goes berserk!
You scratch the black bear but do no damage.
The black bear is almost dead.
The black bear bites you!
You die...

### ####### #.. ... ..##
..##.##...## ##.
..#.#..#..##
#...##.....##...#
#.h....._.......# ######
#...##.....##...####)....
#..h#..#@#..#....<.'.....
###.#...##h##...######.....
......!....................
.......................####
.......................#
?......................####
.....................>....#
.......................##.#
...........................


You could see a black bear (berserk).

Vanquished Creatures
  2 ice beasts
  A sky beast (D:7)
  2 black bears
  A centaur (D:7)
  A necrophage (D:4)
  A scorpion (D:5)
  3 hounds
  A jelly (D:7)
  A gnoll bouda (D:5)
  2 iguanas (D:4)
  3 iron imps (D:3)
  An orc wizard (D:5)
  4 adders
  7 gnolls
  A white imp (D:5)
  2 ufetubi
  4 dart slugs
  6 orcs
  6 endoplasms
  5 giant cockroaches
  4 hobgoblins
  11 kobolds
  5 quokkas
  6 ball pythons
  7 bats
  5 frilled lizards
  11 goblins
  3 rats
106 creatures vanquished.

Vanquished Creatures (others)
  A fungus (D:1)
  3 plants (D:1)
4 creatures vanquished.

Grand Total: 110 creatures vanquished

Notes
Turn   | Place    | Note
-------+----------+-------------------------------------------
     0 | D:1      | DoubleLucky the Troll Fighter began the quest for the Orb.
     0 | D:1      | Reached XP level 1. HP: 22/22 MP: 0/0
    98 | D:1      | Reached XP level 2. HP: 21/29 MP: 1/1
   118 | D:1      | Reached skill level 3 in Unarmed Combat
   227 | D:1      | Found a faded altar of an unknown god.
   311 | D:1      | Reached XP level 3. HP: 35/36 MP: 2/2
   861 | D:2      | Reached skill level 4 in Unarmed Combat
  1004 | D:2      | Reached XP level 4. HP: 44/44 MP: 3/3
  1313 | D:3      | Identified the +5 hand axe "Jex Ungi" {pain, Will+}
  1731 | D:3      | Found a burning altar of Makhleb.
  1748 | D:3      | Reached skill level 5 in Unarmed Combat
  1748 | D:3      | Reached XP level 5. HP: 40/50 MP: 4/4
  1995 | D:4      | Reached skill level 6 in Unarmed Combat
  2052 | D:4      | Reached XP level 6. HP: 57/61 MP: 5/5
  2242 | D:4      | Found an ancient bone altar of Kikubaaqudgha.
  2666 | D:5      | Entered Level 5 of the Dungeon
  2751 | D:5      | Found Viz Hits's Magic Scroll Shop.
  2797 | D:5      | Bought a scroll of identify for 26 gold pieces
  2797 | D:5      | Bought a scroll of identify for 26 gold pieces
  2797 | D:5      | Bought a scroll of fear for 52 gold pieces
  2797 | D:5      | Bought a scroll of identify for 26 gold pieces
  2797 | D:5      | Bought a scroll of magic mapping for 97 gold pieces
  2818 | D:5      | Reached XP level 7. HP: 68/71 MP: 6/6
  2837 | D:5      | Reached skill level 5 in Fighting
  2872 | D:5      | Reached skill level 1 in Throwing
  3273 | D:6      | You fall into a shaft and drop 1 floor!
  3279 | D:7      | Found a staircase to the Ecumenical Temple.
  3300 | Temple   | Entered the Ecumenical Temple
  3702 | D:7      | Reached XP level 8. HP: 72/80 MP: 7/7
  3766 | D:7      | Reached skill level 5 in Throwing
  3876 | D:7      | Found a basalt altar of Yredelemnul.
  3907 | D:7      | Slain by a black bear

Illustrated notes

Levels and vault maps discovered:
D:1:      mrwooster_arrival_statue, layout_basic,
          shapermc_ecumenical_altar_mp_urbaneastern
D:2:      layout_loops_ring
D:3:      layout_rooms, demons_altar, serial_corexii_hall,
          corexii_hall_statues_l, corexii_hall_statues_i
D:4:      layout_loops_cross, mainiacjoe_overflow_boulevard
D:5:      layout_cave_pools, serial_shops, shop
D:6:      layout_gridville, old_standard_altar, nzn_wu_jian_contemplation
D:7:      layout_basic, mainiacjoe_overflow_small_starburst,
          minmay_temple_entry_mist, uniq_crazy_yiuf_cottage
Temple:   oiseaux_autumnal_temple

Skill      XL: |  1  2  3  4  5  6  7  8 |
---------------+-------------------------+-----
Unarmed Combat | 3 4 5 6 |  6.0
Fighting       | 3 4 5 |  5.0
Throwing       | 4 5 |  5.3
Dodging        | |  2.4
Shields        | |  2.6

Action                   |  1- 3 |  4- 6 |  7- 9 || total
-------------------------+-------+-------+-------++-------
Melee: Unarmed           |   118 |   126 |    82 ||   326
       Punch             |       |     3 |     1 ||     4
  Use: Scroll            |       |    11 |       ||    11
 Stab: Sleeping          |       |     1 |       ||     1
Armor: Robe              |    57 |    35 |    26 ||   118
Dodge: Dodged            |    57 |    73 |    34 ||   164
